 Dungeon Crawl Stone Soup version 0.20-a0-848-g73d9be0 (webtiles) character file.

543 Alarkh the Slasher (level 7, 16/53 HPs)
             Began as a Demonspawn Fighter on Mar 9, 2017.
             Was an Initiate of Okawaru.
             Quit the game on level 5 of the Dungeon.
             The game lasted 00:03:34 (4608 turns).

Alarkh the Slasher (Demonspawn Fighter)             Turns: 4608, Time: 00:03:34

Health: 16/53      AC:  9    Str: 16    XL:     7   Next: 6%
Magic:  7/7        EV: 11    Int: 11    God:    Okawaru [......]
Gold:   247        SH:  9    Dex: 13    Spells: 6/6 levels left

rFire    . . .     SeeInvis .   a - +0 long sword
rCold    . . .     Gourm    .   b - +0 scale mail
rNeg     . . .     Faith    .   c - +0 shield
rPois    .         Spirit   .   m - +0 helmet
rElec    .         Reflect  .   (no cloak)
rCorr    .         Harm     .   (no gloves)
MR       +....                  v - +0 pair of boots
Stlth    ..........             k - amulet of magic regeneration
Regen    0.2/turn               (no ring)
MPRegen  0.2/turn               t - ring of protection from magic

@: no status effects
A: repulsion field 2, demonic guardian 1, powered by pain 1
a: Renounce Religion


You were on level 5 of the Dungeon.
You worshipped Okawaru.
Okawaru was noncommittal.
You were not hungry.

You visited 1 branch of the dungeon, and saw 5 of its levels.

You collected 247 gold pieces.

Inventory:

Hand Weapons
 a - a +0 long sword (weapon)
Armour
 b - a +0 scale mail (worn)
 c - a +0 shield (worn)
 m - a +0 helmet (worn)
 v - a +0 pair of boots (worn)
Jewellery
 k - an amulet of magic regeneration (around neck)
 t - a ring of protection from magic (left hand)
 C - an uncursed ring of positive energy {unknown}
Wands
 x - a wand of iceblast (5/15)
Scrolls
 e - 4 scrolls of identify
 j - a scroll of remove curse
 l - a scroll of amnesia
 n - a scroll of teleportation
 o - a scroll of immolation {unknown}
 s - 2 scrolls of blinking
 u - a scroll of fear {unknown}
Potions
 d - a potion of might
 i - a potion of flight
 r - 4 potions of curing
 w - a potion of mutation
 z - a potion of agility {unknown}
 B - a potion of berserk rage {unknown}
Books
 p - a book of Callings

   Spells                             Type                      Level
   a - Summon Small Mammal            Summoning                    1
   b - Call Imp                       Summoning                    2
   c - Call Canine Familiar           Summoning                    3
   d - Summon Guardian Golem          Hexes/Summoning              3
   e - Summon Lightning Spire         Summoning/Air                4
   f - Summon Ice Beast               Ice/Summoning                4
 y - a book of Cantrips

   Spells                             Type                      Level
   a - Confusing Touch                Hexes                        1
   b - Animate Skeleton               Necromancy                   1
   c - Summon Small Mammal            Summoning                    1
   d - Apportation                    Translocation                1
Comestibles
 f - 8 bread rations
 g - 7 fruits
 h - 2 meat rations
 q - a royal jelly
 A - a chunk of flesh


   Skills:
 + Level 3.9 Fighting
 * Level 4.4 Long Blades
 + Level 3.7 Armour
 + Level 2.7 Dodging
 + Level 3.8 Shields


You had 6 spell levels left.
You didn't know any spells.

Dungeon Overview and Level Annotations

Branches:
Dungeon (5/15)
 Temple: D:4-7

Altars:
Gozag
Nemelex Xobeh
Okawaru
Qazlal


Innate Abilities, Weirdness & Mutations

You are surrounded by a moderate repulsion field. (EV +3)
A weak demonic guardian rushes to your aid.
You sometimes gain a little power by taking damage.


Message History

The ice beast closely misses your quasit.
Your quasit bites the ice beast but does no damage.
Your quasit claws the ice beast but does no damage.
Your quasit barely misses the ice beast.
The ice beast completely misses your quasit.
Your quasit bites the ice beast.
Your quasit claws the ice beast but does no damage.
Your quasit barely misses the ice beast.
Your quasit closely misses the ice beast.
Your quasit misses the ice beast.
Your quasit claws the ice beast but does no damage.
The ice beast barely misses your quasit.
Your quasit bites the ice beast but does no damage.
Your quasit claws the ice beast. x2
The ice beast dies!
Okawaru accepts your kill.
You have reached level 7!
Your demonic ancestry asserts itself...
You feel energised by your suffering.
Are you sure you want to abandon this character and quit the game? (Confirm with "yes".)

#.# ######.#
#......#
#.####.#
##.## #.#
#...# #.###
########.#.#
#...#
...........#
###.#
########..##
#@# ## #..#
#.# .## #..#
#5# ..# #..#
#.# #.# #..#
#.# .# #..#
#.# .## ..#
#.# ## #.# #
#.#


You could see a friendly quasit.

Vanquished Creatures
  A scorpion (D:5)
  A crimson imp (D:5)
  A hound (D:4)
  A centaur skeleton (D:4)
  An orc priest (D:4)
  An iguana (D:4)
  A worker ant (D:4)
  A hound skeleton (D:4)
  5 adders
  An ooze (D:3)
  5 worms
  2 dart slugs
  2 leopard geckos
  8 orcs
  3 ball pythons
  3 giant cockroaches
  13 goblins
  9 hobgoblins
  3 quokkas
  13 bats
  6 frilled lizards
  8 kobolds
  A leopard gecko skeleton (D:4)
  8 rats
98 creatures vanquished.

Vanquished Creatures (collateral kills)
  An ice beast (D:5)
  2 scorpions (D:5)
  A howler monkey skeleton (D:4)
  An adder (D:5)
5 creatures vanquished.

Grand Total: 103 creatures vanquished

Notes
Turn   | Place    | Note
-------+----------+-------------------------------------------
     0 | D:1      | Alarkh the Demonspawn Fighter began the quest for the Orb.
     0 | D:1      | Reached XP level 1. HP: 18/18 MP: 1/1
   140 | D:1      | Reached skill level 2 in Long Blades
   172 | D:1      | Gained mutation: You are surrounded by a mild repulsion field. (EV +2) [demonic ancestry]
   172 | D:1      | Reached XP level 2. HP: 18/24 MP: 2/2
   301 | D:1      | Reached skill level 1 in Dodging
   593 | D:1      | Gained mutation: You are surrounded by a moderate repulsion field. (EV +3) [demonic ancestry]
   593 | D:1      | Reached XP level 3. HP: 25/29 MP: 3/3
  1601 | D:2      | Reached XP level 4. HP: 23/35 MP: 4/4
  2379 | D:3      | Reached skill level 3 in Long Blades
  2956 | D:4      | Gained mutation: A weak demonic guardian rushes to your aid. [demonic ancestry]
  2956 | D:4      | Reached XP level 5. HP: 25/41 MP: 5/5
  3589 | D:4      | Reached XP level 6. HP: 47/47 MP: 6/6
  3833 | D:4      | Found an iron altar of Okawaru.
  3845 | D:4      | Became a worshipper of Warmaster Okawaru
  4143 | D:5      | Entered Level 5 of the Dungeon
  4144 | D:5      | Found an opulent altar of Gozag.
  4154 | D:5      | Found an opulent altar of Gozag.
  4156 | D:5      | Found a stormy altar of Qazlal.
  4157 | D:5      | Found a sparkling altar of Nemelex Xobeh.
  4162 | D:5      | Reached skill level 4 in Long Blades
  4582 | D:5      | Noticed an ice beast
  4607 | D:5      | Killed an ice beast
  4607 | D:5      | Gained mutation: You sometimes gain a little power by taking damage. [demonic ancestry]
  4607 | D:5      | Reached XP level 7. HP: 16/53 MP: 7/7
  4608 | D:5      | Quit the game

Vault maps used:
D:1:      minmay_arrival_shattered_statue
D:2:      minmay_door_path, minmay_tetromino_l2
D:4:      first_bread, okawaru_altar_gauntlet_db
D:5:      grunt_temple_overflow_open, basic_altar, uniq_menkaure

Skill      XL: |  1  2  3  4  5  6 |
---------------+-------------------+-----
Long Blades    | 2 3 4 |  4.4
Dodging        | 1 2 |  2.7
Shields        | 3 |  3.8
Armour         | 3 |  3.7
Fighting       | |  3.9

Action                   |  1- 3 |  4- 6 |  7- 9 || total
-------------------------+-------+-------+-------++-------
Melee: Long sword        |   131 |   216 |       ||   347
  Use: Scroll            |       |     7 |       ||     7
       Potion            |       |     1 |       ||     1
  Eat: Chunk             |     2 |    10 |       ||    12
Armor: Scale mail        |    59 |    76 |       ||   135
Dodge: Dodged            |    56 |    84 |       ||   140
Block: Shield            |    56 |   113 |       ||   169
       Rpst.: Long sword |    22 |    19 |       ||    41
